 Dungeon Crawl Stone Soup version 0.23-a0-584-g44dd78f (webtiles) character file.

21 zishaf the Insei (level 2, 0/21 HPs)
             Began as a Demonspawn Transmuter on Dec 18, 2018.
             Slain by a jackal (2 damage)
             ... on level 2 of the Dungeon.
             The game lasted 00:01:38 (954 turns).

zishaf the Insei (Demonspawn Transmuter)             Turns: 954, Time: 00:01:39

Health: 0/21       AC:  2    Str: 10    XL:     2   Next: 62%
Magic:  4/5        EV: 12    Int: 14    God:
Gold:   46         SH:  0    Dex: 13    Spells: 4/5 levels left

rFire    . . .     SeeInvis .     - Unarmed
rCold    . . .     Gourm    .   (no shield)
rNeg     . . .     Faith    .   b - +0 robe
rPois    .         Spirit   .   (no helmet)
rElec    .         Reflect  .   (no cloak)
rCorr    .         Harm     .   (no gloves)
MR       .....                  (no boots)
Stlth    +.........             (no amulet)
HPRegen  0.07/turn              (no ring)
MPRegen  0.09/turn              (no ring)

@: appendage (expiring)
A: horns 2, demonic guardian 1
a: End Transformation


You were on level 2 of the Dungeon.
You were hungry.
You had grown temporary horns.
You visited 1 branch of the dungeon, and saw 2 of its levels.

You collected 46 gold pieces.

Inventory:

Hand Weapons
 c - a +0 hunting sling
Missiles
 a - 36 arrows
 k - 20 stones (quivered)
Armour
 b - a +0 robe (worn)
 j - a +0 ring mail
Scrolls
 e - a scroll of magic mapping {unknown}
 g - a scroll of amnesia {unknown}
 m - 2 scrolls of remove curse {unknown}
Potions
 f - a potion of curing {unknown}
 h - 2 potions of ambrosia {unknown}
 i - a potion of cancellation {unknown}
Comestibles
 d - a ration
 l - a chunk of flesh


   Skills:
 + Level 1.4 Fighting
 + Level 2.0 Dodging
 + Level 2.9 Unarmed Combat
 - Level 2.0 Spellcasting
 * Level 2.3 Transmutations


You had 4 spell levels left.
You knew the following spells:

 Your Spells              Type           Power        Failure   Level  Hunger
a - Beastly Appendage     Tmut           #.....       10%         1    ##.....

Your spell library contained the following spells:

 Spells                   Type           Power        Failure   Level  Hunger
 Sticks to Snakes         Tmut           #.......     14%         2    ###....
 Spider Form              Tmut/Pois      #.........   41%         3    ####...
 Ice Form                 Ice/Tmut       #.......     83%         4    #####..
 Blade Hands              Tmut           #.........   95%         5    ######.


Dungeon Overview and Level Annotations

Branches:
Dungeon (2/15)

Altars:


Innate Abilities, Weirdness & Mutations

A weak demonic guardian rushes to your aid.
You have a pair of horns on your head.


Message History

* * * LOW HITPOINT WARNING * * *
You hit the jackal.
The jackal is almost dead.
The jackal closely misses you. x2
You closely miss the jackal.
The jackal is almost dead.
The jackal misses you.
You closely miss the jackal.
The jackal is almost dead.
The jackal bites you.
* * * LOW HITPOINT WARNING * * *
You closely miss the jackal.
The jackal is almost dead.
You are feeling hungry.
The jackal bites you but does no damage.
The jackal barely misses you.
You barely miss the jackal.
The jackal is almost dead.
The jackal bites you.
You die...

### ###
######<######.#
...............#
#######.######@#
#.# #h# #.# #w#
#.# #.# #.# #$#
... ... .. ...
.##


You could see a dart slug and a jackal.

Vanquished Creatures
  A bat (D:1)
  A giant cockroach (D:1)
  4 goblins (D:1)
  A hobgoblin (D:1)
  3 jackals (D:2)
  3 kobolds (D:1)
  A frilled lizard (D:1)
  4 rats (D:1)
18 creatures vanquished.

Notes
Turn   | Place    | Note
-------+----------+-------------------------------------------
     0 | D:1      | zishaf the Demonspawn Transmuter began the quest for the
                  | Orb.
     0 | D:1      | Reached XP level 1. HP: 15/15 MP: 3/3
   311 | D:1      | Gained mutation: A weak demonic guardian rushes to your
                  | aid. [demonic ancestry]
   311 | D:1      | Reached XP level 2. HP: 13/21 MP: 3/5
   954 | D:2      | Slain by a jackal

Vault maps used:
D:1:      dpeg_arrival_pits
D:2:      elyvilon_altar_4, grunt_gozag_statues, serial_forest,
          infiniplex_forest_clump_curved, infiniplex_forest_end_2,
          infiniplex_forest_straight_5, infiniplex_forest_lined_3,
          infiniplex_forest_zigzag_1, infiniplex_forest_lined_room_3,
          first_ration, chequers_ecumenical_altar_simple, uniq_sigmund

Skill      XL: |  1  2 |
---------------+-------+-----
Transmutations | 2 |  2.3
Dodging        | 2 |  2.0
Fighting       | |  1.4
Unarmed Combat | |  2.9
Spellcasting   | |  2.0

Action                   || total
-------------------------++-------
Melee: Unarmed           ||    74
       Kick              ||     4
       Headbutt          ||     3
 Cast: Beastly Appendage ||    14
Armor: Robe              ||    10
Dodge: Dodged            ||    49

Table legend:
 A = Non-vault XP
 B = Vault XP
 C = Vault XP percentage of total XP
 D = Non-vault monster count
 E = Vault monster count
 F = Vault count percentage of total count
                 A         B        C        D         E       F
            +---------+---------+-------+---------+---------+-------
      Total |      30 |       0 |   0.0 |      18 |       0 |   0.0
            +---------+---------+-------+---------+---------+-------
        D:1 |      24 |       0 |   0.0 |      15 |       0 |   0.0
        D:2 |       6 |       0 |   0.0 |       3 |       0 |   0.0
            +---------+---------+-------+---------+---------+-------
